SAAA
PORT ROYAL DISASTER @ ALLOWAY HALBERDS
09/13/2029
 
TOP OF THE 1ST
Port Royal Disaster batting - Pitching for Alloway Halberds : RHP Joel Farrell
Pitching: RHP Joel Farrell
Batting: LHB Sisto Pagnamenta 0-0: Called Strike
0-1: Ball
1-1: Called Strike
1-2: Ball
2-2: Ball
3-2: Foul Ball, location: 2F
3-2: Strikes out swinging, 2-3 out at first.
Batting: RHB David McJannett 0-0: Called Strike
0-1: Ball
1-1: Foul Ball, location: 2F
1-2: Foul Ball, location: 2F
1-2: Fly out, F8 (Line Drive, 8LD)
Batting: RHB Loren Stallings 0-0: Swinging Strike
0-1: Ball
1-1: Called Strike
1-2: Ball
2-2: Ball
3-2: Base on Balls
Batting: RHB Wrangler Haresnape 0-0: Ball
1-0: Fielders Choice at 2nd, 5-4 (Groundball, 5L)
Top of the 1st over - 0 runs, 0 hits, 0 errors, 1 left on base; Port Royal 0 - Alloway 0
BOTTOM OF THE 1ST
Alloway Halberds batting - Pitching for Port Royal Disaster : RHP Félix Jiménez
Pitching: RHP Félix Jiménez
Batting: RHB Vito Middendorf 0-0: SINGLE (Line Drive, 78M)
Batting: RHB Carlos De Jesús 0-0: Ball
1-0: Called Strike
1-1: Ball
2-1: Ball
3-1: Called Strike
3-2: Base on Balls
Vito Middendorf to second
Batting: LHB Armando Becerra 0-0: Swinging Strike
0-1: Ground out 2-3 (Groundball, 15S)
Vito Middendorf to third
Carlos De Jesús to second
Batting: RHB Jerry Yates 0-0: Ball
1-0: Ground out 5-3 (Groundball, 56)
Vito Middendorf scores
Batting: LHB José Zarate 0-0: Ball
1-0: Ball
2-0: Ball
3-0: Base on Balls
Batting: RHB Jordan Hollins 0-0: Ball
1-0: Ball
Wild Pitch!
Carlos De Jesús to third
José Zarate to second
2-0: Called Strike
2-1: Ball
3-1: Swinging Strike
3-2: Foul Ball, location: 2F
3-2: Base on Balls
Batting: RHB Juan Salinas 0-0: Ball
1-0: Foul Ball, location: 2F
1-1: Ball
2-1: Ball
3-1: Swinging Strike
3-2: Ground out 6-3 (Groundball, 6)
Bottom of the 1st over - 1 run, 1 hit, 0 errors, 3 left on base; Port Royal 0 - Alloway 1
TOP OF THE 2ND
Port Royal Disaster batting - Pitching for Alloway Halberds : RHP Joel Farrell
Batting: LHB António Quintero 0-0: Ground out 6-3 (Groundball, 6)
Batting: RHB Javier Martínez 0-0: Swinging Strike
0-1: Swinging Strike
0-2: Ball
1-2: Ball
2-2: Strikes out swinging
Batting: LHB Rubén López 0-0: Ball
1-0: Called Strike
1-1: Foul Ball, location: 2F
1-2: Ball
2-2: Foul Ball, location: 2F
2-2: Ball
3-2: SINGLE (Line Drive, 89S)
Batting: RHB Brandon Cooper 0-0: Ball
1-0: DOUBLE (Flyball, 8RXD)
Rubén López to third
Runner from 3rd tries for Home, SAFE, no throw
Batting: RHB Pedro Longoria 0-0: Ball
1-0: Foul Ball, location: 2F
1-1: Swinging Strike
1-2: Strikes out swinging
Top of the 2nd over - 1 run, 2 hits, 0 errors, 1 left on base; Port Royal 1 - Alloway 1
BOTTOM OF THE 2ND
Alloway Halberds batting - Pitching for Port Royal Disaster : RHP Félix Jiménez
Batting: LHB Ricardo Ríos 0-0: Called Strike
0-1: SINGLE (Line Drive, 9S)
Batting: RHB Octávio Beltzán 0-0: Ball
1-0: Ball
2-0: Called Strike
2-1: Fly out, F9 (Flyball, 9D)
Batting: RHB Vito Middendorf 0-0: Called Strike
0-1: Ball
1-1: Ball
2-1: Fly out, F3 (Popup, 34S)
Batting: RHB Carlos De Jesús 0-0: Ball
1-0: Ground out 1-3 (Groundball, 13S)
Bottom of the 2nd over - 0 runs, 1 hit, 0 errors, 1 left on base; Port Royal 1 - Alloway 1
TOP OF THE 3RD
Port Royal Disaster batting - Pitching for Alloway Halberds : RHP Joel Farrell
Batting: LHB Sisto Pagnamenta 0-0: Foul Ball, location: 2F
0-1: Ground out 6-3 (Groundball, 6)
Batting: RHB David McJannett 0-0: Ball
1-0: Ball
2-0: Ball
3-0: Called Strike
3-1: Base on Balls
Batting: RHB Loren Stallings 0-0: Called Strike
0-1: Ball
1-1: Foul Ball, location: 2F
1-2: SINGLE (Line Drive, 56D)
David McJannett to second
David McJannett to third
Batting: RHB Wrangler Haresnape 0-0: Called Strike
Loren Stallings steals 2nd base
0-1: Ball
1-1: Ball
2-1: SINGLE (Groundball, 6MD)
David McJannett scores
Loren Stallings to third
Runner from 3rd tries for Home, SAFE, no throw
Batting: LHB António Quintero 0-0: Called Strike
Wrangler Haresnape steals 2nd base
0-1: Swinging Strike
0-2: Foul Ball, location: 2F
0-2: Ball
1-2: Foul Ball, location: 2F
1-2: Ball
2-2: Foul Ball, location: 2F
2-2: SINGLE (Line Drive, 9LS)
Wrangler Haresnape to third
Batting: RHB Javier Martínez 0-0: Ball
1-0: Ball
António Quintero steals 2nd base
2-0: Ground out 6-3 (Groundball, 6MS)
Wrangler Haresnape scores
António Quintero to third
Batting: LHB Rubén López 0-0: Foul Ball, location: 2F
0-1: Foul Ball, location: 2F
0-2: Strikes out swinging
Top of the 3rd over - 3 runs, 3 hits, 0 errors, 1 left on base; Port Royal 4 - Alloway 1
BOTTOM OF THE 3RD
Alloway Halberds batting - Pitching for Port Royal Disaster : RHP Félix Jiménez
Batting: LHB Armando Becerra 0-0: Ball
1-0: Ball
2-0: Called Strike
2-1: Ball
3-1: Foul Ball, location: 2F
3-2: Fly out, F9 (Flyball, 9D)
Batting: RHB Jerry Yates 0-0: Swinging Strike
0-1: Foul Ball, location: 2F
0-2: Ball
1-2: Ball
2-2: Strikes out swinging
Batting: LHB José Zarate 0-0: Ball
1-0: Ball
2-0: Ball
3-0: Base on Balls
Batting: RHB Jordan Hollins 0-0: Ball
1-0: Foul Ball, location: 2F
1-1: SINGLE (Line Drive, 4MD)
José Zarate to second
Batting: RHB Juan Salinas 0-0: Foul Ball, location: 2F
0-1: Ball
1-1: Fly out, F9 (Flyball, 9)
Bottom of the 3rd over - 0 runs, 1 hit, 0 errors, 2 left on base; Port Royal 4 - Alloway 1
TOP OF THE 4TH
Port Royal Disaster batting - Pitching for Alloway Halberds : RHP Joel Farrell
Batting: RHB Brandon Cooper 0-0: Fly out, F5 (Popup, 15S)
Batting: RHB Pedro Longoria 0-0: Ball
1-0: Ball
2-0: Fly out, F6 (Line Drive, 56)
Batting: LHB Sisto Pagnamenta 0-0: Foul Ball, location: 2F
0-1: Swinging Strike
0-2: Ball
1-2: Strikes out swinging
Top of the 4th over - 0 runs, 0 hits, 0 errors, 0 left on base; Port Royal 4 - Alloway 1
BOTTOM OF THE 4TH
Alloway Halberds batting - Pitching for Port Royal Disaster : RHP Félix Jiménez
Batting: LHB Ricardo Ríos 0-0: Called Strike
0-1: Swinging Strike
0-2: Ball
1-2: Strikes out looking
Batting: RHB Octávio Beltzán 0-0: Foul Ball, location: 2F
0-1: SINGLE (Line Drive, 56)
Batting: RHB Vito Middendorf 0-0: Ball
1-0: Ball
2-0: Grounds into double play, 6-4-3 (Groundball, 6)
Bottom of the 4th over - 0 runs, 1 hit, 0 errors, 0 left on base; Port Royal 4 - Alloway 1
TOP OF THE 5TH
Port Royal Disaster batting - Pitching for Alloway Halberds : RHP Joel Farrell
Batting: RHB David McJannett 0-0: Called Strike
0-1: SINGLE (Groundball, 34S) (infield hit)
Batting: RHB Loren Stallings 0-0: Swinging Strike
0-1: Ball
1-1: Foul Ball, location: 2F
1-2: Grounds into double play, 6-4-3 (Groundball, 6)
Batting: RHB Wrangler Haresnape 0-0: Called Strike
0-1: Ground out 6-3 (Groundball, 6)
Top of the 5th over - 0 runs, 1 hit, 0 errors, 0 left on base; Port Royal 4 - Alloway 1
BOTTOM OF THE 5TH
Alloway Halberds batting - Pitching for Port Royal Disaster : RHP Félix Jiménez
Batting: RHB Carlos De Jesús 0-0: Ball
1-0: Swinging Strike
1-1: Ball
2-1: Fly out, F8 (Flyball, 8LM)
Batting: LHB Armando Becerra 0-0: Called Strike
0-1: Ground out 4-3 (Groundball, 34D)
Batting: RHB Jerry Yates 0-0: Called Strike
0-1: Foul Ball, location: 2F
0-2: Foul Ball, location: 2F
0-2: Ground out 6-3 (Groundball, 6)
Bottom of the 5th over - 0 runs, 0 hits, 0 errors, 0 left on base; Port Royal 4 - Alloway 1
TOP OF THE 6TH
Port Royal Disaster batting - Pitching for Alloway Halberds : RHP Joel Farrell
Batting: LHB António Quintero 0-0: Foul Ball, location: 2F
0-1: Ball
1-1: Swinging Strike
1-2: Foul Ball, location: 2F
1-2: Foul Ball, location: 2F
1-2: Ball
2-2: Strikes out swinging
Batting: RHB Javier Martínez 0-0: Foul Ball, location: 2F
0-1: Ball
1-1: Ball
2-1: Swinging Strike
2-2: SINGLE (Line Drive, 8RS)
Batting: LHB Rubén López 0-0: Ball
1-0: Foul Ball, location: 2F
1-1: Ball
2-1: Called Strike
2-2: Strikes out looking
Batting: RHB Brandon Cooper 0-0: Called Strike
0-1: Fielders Choice at 2nd, 6-4 (Groundball, 6)
Top of the 6th over - 0 runs, 1 hit, 0 errors, 1 left on base; Port Royal 4 - Alloway 1
BOTTOM OF THE 6TH
Alloway Halberds batting - Pitching for Port Royal Disaster : RHP Félix Jiménez
Batting: LHB José Zarate 0-0: Called Strike
0-1: Ball
1-1: Ball
2-1: Ball
3-1: Base on Balls
Batting: RHB Jordan Hollins 0-0: Called Strike
0-1: Called Strike
0-2: Strikes out swinging
Batting: RHB Juan Salinas 0-0: Fly out, F4 (Popup, 4S)
Batting: LHB Ricardo Ríos 0-0: Ground out 4-3 (Groundball, 4)
Bottom of the 6th over - 0 runs, 0 hits, 0 errors, 1 left on base; Port Royal 4 - Alloway 1
TOP OF THE 7TH
Port Royal Disaster batting - Pitching for Alloway Halberds : RHP Joel Farrell
Batting: RHB Pedro Longoria 0-0: Ground out 4-3 (Groundball, 34)
Batting: LHB Sisto Pagnamenta 0-0: Foul Ball, location: 2F
0-1: Ball
1-1: Foul Ball, location: 2F
1-2: Ball
2-2: SINGLE (Line Drive, 9S)
Pitching: RHP Francisco García
Batting: RHB David McJannett 0-0: Ball
1-0: Fly out, F7 (Flyball, 7S)
Batting: RHB Loren Stallings 0-0: Called Strike
0-1: Ground out 4-3 (Groundball, 4)
Top of the 7th over - 0 runs, 1 hit, 0 errors, 1 left on base; Port Royal 4 - Alloway 1
BOTTOM OF THE 7TH
Alloway Halberds batting - Pitching for Port Royal Disaster : RHP Félix Jiménez
Batting: RHB Octávio Beltzán 0-0: Called Strike
0-1: Swinging Strike
0-2: Strikes out looking
Batting: RHB Vito Middendorf 0-0: Called Strike
0-1: Foul Ball, location: 2F
0-2: Ball
1-2: Foul Ball, location: 2F
1-2: Ball
2-2: Ground out 4-3 (Groundball, 4)
Batting: RHB Carlos De Jesús 0-0: Ball
1-0: Called Strike
1-1: Swinging Strike
1-2: Strikes out swinging, 2-3 out at first.
Bottom of the 7th over - 0 runs, 0 hits, 0 errors, 0 left on base; Port Royal 4 - Alloway 1
TOP OF THE 8TH
Port Royal Disaster batting - Pitching for Alloway Halberds : RHP Francisco García
Batting: RHB Wrangler Haresnape 0-0: Ball
1-0: Called Strike
1-1: Ground out 5-3 (Groundball, 56S)
Batting: LHB António Quintero 0-0: Swinging Strike
0-1: Called Strike
0-2: Foul Ball, location: 2F
0-2: Strikes out swinging
Batting: RHB Javier Martínez 0-0: Ball
1-0: Ball
2-0: Called Strike
2-1: Called Strike
2-2: Ball
3-2: Ground out U3 (Groundball, 34S)
Top of the 8th over - 0 runs, 0 hits, 0 errors, 0 left on base; Port Royal 4 - Alloway 1
BOTTOM OF THE 8TH
Alloway Halberds batting - Pitching for Port Royal Disaster : RHP Félix Jiménez
Pitching: RHP Cipriano Costa
Batting: LHB Armando Becerra 0-0: Called Strike
0-1: Ball
1-1: Foul Ball, location: 2F
1-2: Foul Ball, location: 2F
1-2: Ground out U3 (Groundball, 3)
Batting: RHB Jerry Yates 0-0: Ball
1-0: Ball
2-0: SINGLE (Line Drive, 4D)
Batting: LHB José Zarate 0-0: Called Strike
0-1: Ball
1-1: Ball
2-1: SINGLE (Flyball, 8LS)
Jerry Yates to second
Batting: RHB Jordan Hollins 0-0: Called Strike
0-1: Ball
1-1: Ball
2-1: Foul Ball, location: 2F
2-2: Fly out, F9 (Flyball, 9)
Batting: RHB Juan Salinas 0-0: Called Strike
0-1: Ball
1-1: Foul Ball, location: 2F
1-2: SINGLE (Line Drive, 89S)
Jerry Yates to third
José Zarate to second
Runner from 3rd tries for Home, SAFE, no throw
Pinch Runner at 2nd Rafael Delgado:
Batting: LHB Ricardo Ríos 0-0: Foul Ball, location: 2F
0-1: Ball
1-1: Ball
2-1: Fielders Choice at 2nd, U4 (Groundball, 4M)
Bottom of the 8th over - 1 run, 3 hits, 0 errors, 2 left on base; Port Royal 4 - Alloway 2
TOP OF THE 9TH
Port Royal Disaster batting - Pitching for Alloway Halberds : RHP Francisco García
Now at 1B: Rafael Delgado
Batting: LHB Rubén López 0-0: Swinging Strike
0-1: Ball
1-1: Swinging Strike
1-2: Strikes out swinging
Batting: RHB Brandon Cooper 0-0: Ball
1-0: Foul Ball, location: 2F
1-1: Ball
2-1: Ball
3-1: Base on Balls
Batting: RHB Pedro Longoria 0-0: Ball
1-0: Called Strike
1-1: Ball
2-1: Ball
3-1: Ground out U3 (Groundball, 34)
Brandon Cooper to second
Batting: LHB Sisto Pagnamenta 0-0: Foul Ball, location: 2F
0-1: Ball
1-1: Foul Ball, location: 2F
1-2: Strikes out swinging
Top of the 9th over - 0 runs, 0 hits, 0 errors, 1 left on base; Port Royal 4 - Alloway 2
BOTTOM OF THE 9TH
Alloway Halberds batting - Pitching for Port Royal Disaster : RHP Cipriano Costa
Pitching: RHP Will Moore
Batting: RHB Octávio Beltzán 0-0: Ball
1-0: Foul Ball, location: 2F
1-1: Ground out 4-3 (Groundball, 4)
Batting: RHB Vito Middendorf 0-0: DOUBLE (Groundball, 5L)
Batting: RHB Carlos De Jesús 0-0: Ball
1-0: Ball
2-0: Foul Ball, location: 2F
2-1: Foul Ball, location: 2F
2-2: Ball
3-2: Base on Balls
Batting: LHB Armando Becerra 0-0: Called Strike
0-1: Foul Ball, location: 2F
0-2: Ball
1-2: Ball
2-2: Grounds into double play, 4-6-3 (Groundball, 4)
Bottom of the 9th over - 0 runs, 1 hit, 0 errors, 1 left on base; Port Royal 4 - Alloway 2
Tuesday, December 19th, 2017 - OOTP Baseball 18.8 Build 76